 Dungeon Crawl Stone Soup version 0.30-a0-639-g3916f1956a (webtiles) character file.

Game seed: 17761861836352995342

316 tio the Shield-Bearer (level 6, 0/47 HPs)
             Began as a Human Fighter on Jan 16, 2023.
             Succumbed to a water moccasin's poison
             ... on level 6 of the Dungeon.
             The game lasted 00:31:38 (4492 turns).

tio the Shield-Bearer (Human Fighter)               Turns: 4492, Time: 00:31:39

Health: 0/47       AC: 13    Str: 18    XL:     6   Next: 73%
Magic:  18/18      EV:  7    Int:  9    God:
Gold:   164        SH: 10    Dex: 12    Spells: 8/9 levels left

rFire   . . .      SeeInvis .    a - +0 long sword
rCold   . . .      Faith    .    c - +0 buckler
rNeg    . . .      Spirit   .    g - +0 chain mail
rPois   .          Reflect  +    (no helmet)
rElec   .          Harm     .    (no cloak)
rCorr   .          Rampage  .    (no gloves)
Will    .....                    (no boots) Stlth
                                 l - amulet of reflection
HPRegen 0.27/turn                j - ring of magical power
MPRegen 0.16/turn                o - +4 ring of protection

@: lethally poisoned (0 -> -15)
A: no striking features
a: no special abilities


You were on level 6 of the Dungeon.
You visited 1 branch of the dungeon, and saw 6 of its levels.

You collected 164 gold pieces.

Inventory:

Hand Weapons
 a - a +0 long sword (weapon)
Missiles
 m - 6 poisoned darts
 n - a throwing net
Armour
 c - a +0 buckler (worn)
 d - a +0 robe
 g - a +0 chain mail (worn)
Jewellery
 j - a ring of magical power (left hand)
 l - an amulet of reflection (around neck)
 o - a +4 ring of protection (right hand)
Wands
 p - a wand of flame (8)
Scrolls
 k - a scroll of immolation
Potions
 b - 2 potions of brilliance {unknown}
 e - a potion of might
 f - 3 potions of mutation
 h - 3 potions of heal wounds {unknown}
 i - a potion of haste {unknown}
 q - a potion of berserk rage {unknown}


   Skills:
 + Level 3.4 Fighting
 + Level 3.3 Long Blades
 + Level 3.7 Armour
 + Level 0.6 Dodging
 + Level 0.2 Stealth
 + Level 3.9 Shields
 + Level 2.2 Spellcasting
 + Level 2.0 Ice Magic
 + Level 0.8 Evocations


You had 8 spell levels left.
You knew the following spells:

 Your Spells              Type           Power      Damage    Failure   Level
a - Freeze                Ice            16%        1d4       93%         1

Your spell library contained the following spells:

 Spells                   Type           Power      Damage    Failure   Level
 Frozen Ramparts          Ice            8%         1d2       100%        3
 Hailstorm                Conj/Ice       2%         3d3       100%        3
 Ignite Poison            Fire/Tmut/Pois 1%         N/A       100%        3
 Portal Projectile        Hex/Tloc       2%         N/A       100%        3
 Tukima's Dance           Hex            1%         N/A       100%        3
 Sticky Flame             Conj/Fire      1%         2d3       100%        4
 Blade Hands              Tmut           0%         N/A       100%        5
 Ignition                 Fire           0%         3d3       100%        8


Dungeon Overview and Level Annotations

Branches:
Dungeon (7/15)
 Temple: D:4-7

Altars:
Dithmenos

Shops:
D:2 :


Message History

The arrow hits the centaur.
The water moccasin attacks as you move away!
You block the water moccasin's attack.
The centaur unwields a +0 shortbow.
The centaur hits you but does no damage.
The centaur kicks you but does no damage.
You block the orc's attack. The water moccasin bites you.
You are poisoned.
The water moccasin poisons you! The orc attacks as you move away!
The orc hits you but does no damage.
The water moccasin attacks as you move away!
The water moccasin bites you but does no damage.
You feel very sick. You block the centaur's attack.
The centaur kicks you but does no damage.
An orc comes into view. It is wielding a +1 antimagic flail.
The centaur closely misses you. The centaur barely misses you.
You feel very sick.
The orc shouts!
You block the centaur's attack. The centaur barely misses you.
You block the water moccasin's attack.
The water moccasin attacks as you move away!
The water moccasin barely misses you.
You feel sick.
The centaur wields a +0 shortbow.
The centaur shoots an arrow.
The arrow hits you!
* * * LOW HITPOINT WARNING * * *
You feel sick.
There is a stone staircase leading up here.
You feel sick.
The water moccasin bites you but does no damage.
The centaur unwields a +0 shortbow.
You block the centaur's attack. The centaur kicks you.
* * * LOW HITPOINT WARNING * * *
You block the orc's attack. The water moccasin bites you.
* * * LOW HITPOINT WARNING * * *
You are more poisoned.
The water moccasin poisons you!
You climb upwards.
The orc shouts!
Reactivating autopickup.
You die...

## #. ###. ##
o.. .. ..###..
.# ..... .#
#.##..#S###.##
#....o@.....|.
..####c#.######
#. .# #. .# #.
.. ## .# .# .#


You could see a water moccasin, a centaur and 2 orcs.

Vanquished Creatures
  2 scorpions (D:7)
  2 orc wizards (D:3)
  4 gnolls
  4 adders
  3 worms (D:2)
  2 dart slugs
  6 orcs (D:3)
  7 endoplasms
  A giant cockroach (D:3)
  7 goblins
  2 hobgoblins
  A quokka (D:2)
  7 ball pythons
  5 bats
  2 frilled lizards
  5 kobolds
  3 rats
63 creatures vanquished.

Notes
Turn   | Place    | Note
-------+----------+-------------------------------------------
     0 | D:1      | tio the Human Fighter began the quest for the Orb.
     0 | D:1      | Reached XP level 1. HP: 18/18 MP: 1/1
    86 | D:1      | Reached XP level 2. HP: 24/24 MP: 2/2
   683 | D:2      | Reached XP level 3. HP: 10/29 MP: 3/3
  1087 | D:2      | Found a faded altar of an unknown god.
  1300 | D:2      | Reached XP level 4. HP: 35/35 MP: 4/4
  1345 | D:2      | Found Taas's Book Boutique.
  1352 | D:2      | Learned a level 1 spell: Freeze
  2433 | D:3      | Reached skill level 1 in Spellcasting
  2448 | D:3      | Reached XP level 5. HP: 7/41 MP: 7/7
  2645 | D:3      | Found a shadowy altar of Dithmenos.
  2656 | D:3      | Reached skill level 1 in Ice Magic
  4091 | D:3      | HP: 2/41 [gnoll/+0 club (4)]
  4116 | D:2      | HP: 1/41 [gnoll/+0 club (3)]
  4377 | D:4      | Reached XP level 6. HP: 47/47 MP: 9/9
  4412 | D:4      | You fall into a shaft and drop 3 floors!
  4474 | D:7      | Noticed a water moccasin
  4492 | D:6      | Succumbed to a water moccasin's poison

Illustrated notes

Levels and vault maps discovered:
D:1:      spicycebolla_green_bress_n_ham_2, layout_basic
D:2:      layout_loops_corners, hellmonk_ecumenical_altar_crossroads,
          serial_shops, shop_fountains, roderic_serpentine_path,
          chequers_hall_statues_corner_a, kennysheep_generic_room_4
D:3:      layout_basic, grunt_dithmenos_smoke_and_mirrors, minmay_statues_item,
          kennysheep_generic_room_11
D:4:      layout_rooms, uniq_eustachio, uniq_grinder, uniq_crazy_yiuf_cottage
D:6:      layout_loops_ring, grunt_gozag_statues
D:7:      layout_cave_pools, mainiacjoe_overflow_small_starburst,
          serial_column_ruins, column_ruins_circle_medium,
          column_ruins_square_huge, column_ruins_columns_corner,
          column_ruins_grid_1, column_ruins_open_tiny,
          column_ruins_columns_dead_end, column_ruins_grid_1

Skill      XL: |  1  2  3  4  5  6 |
---------------+-------------------+-----
Spellcasting   | 1 2 |  2.2
Ice Magic      | 1 2 |  2.0
Long Blades    | 3 |  3.3
Fighting       | |  3.4
Armour         | |  3.7
Dodging        | |  0.6
Stealth        | |  0.2
Shields        | |  3.9
Evocations     | |  0.8

Action                   |  1- 3 |  4- 6 || total
-------------------------+-------+-------++-------
Melee: Long sword        |    73 |    91 ||   164
 Cast: Freeze            |       |    54 ||    54
Evoke: Wand              |       |     9 ||     9
  Use: Potion            |       |     1 ||     1
       Scroll            |       |     4 ||     4
Armor: Scale mail        |    18 |       ||    18
       Chain mail        |    24 |    45 ||    69
       Robe              |       |    16 ||    16
Dodge: Dodged            |    19 |    86 ||   105
Block: Buckler           |    25 |    82 ||   107
       Reflection        |       |     2 ||     2

Table legend: (Time is in decaauts)
 A = Elapsed time spent in this place.
 B = Non-inter-level travel time spent in this place.
 C = Inter-level travel time spent in this place.
 D = Time resting spent in this place.
 E = Time spent auto-exploring this place.
 F = Levels seen in this place.
 G = Mean time per level.
                   A        B        C        D        E       F      G
               +--------+--------+--------+--------+--------+-----+--------+
         Total |   4546 |   3734 |    812 |      0 |   3037 |   6 |  757.7 |
       Dungeon |   4546 |   3734 |    812 |      0 |   3037 |   6 |  757.7 |
               +--------+--------+--------+--------+--------+-----+--------+

Top non-repeatable levels by time:
     D:2: 2220 daAuts
     D:3: 1497 daAuts
     D:1: 684 daAuts
     D:7: 82 daAuts
     D:4: 62 daAuts
